 Dungeon Crawl Stone Soup version 0.29-a0-322-g68df515428 (webtiles) character file.

Game seed: 3546370849843018223

1700 experimilk the Basher (level 8, -2/68 HPs)
             Began as a Palentonga Fighter on Apr 9, 2022.
             Was a Follower of Uskayaw.
             Slain by a two-headed ogre
             ... wielding a +0 giant spiked club
              (26 damage)
             ... on level 7 of the Dungeon.
             The game lasted 00:18:58 (7289 turns).

experimilk the Basher (Palentonga Fighter)          Turns: 7289, Time: 00:18:59

Health: -2/68      AC: 20    Str: 28    XL:     8   Next: 73%
Magic:  6/10       EV:  5    Int: 15    God:    Uskayaw [*.....]
Gold:   178        SH:  7    Dex:  9    Spells: 7/7 levels left

rFire   . . .      SeeInvis +   C - +0 flail (vamp)
rCold   . . .      Faith    +   j - +0 kite shield
rNeg    . . .      Spirit   .   u - +2 chain mail {Will+}
rPois   .          Reflect  .   (no helmet)
rElec   .          Harm     .   q - +0 cloak
rCorr   .          Rampage  .   D - +1 pair of gloves of Kefuv {Regen+}
Will    +....                   (no barding)
Stlth   ..........              x - amulet of faith
HPRegen 1.01/turn               n - +6 ring of intelligence
MPRegen 0.12/turn               y - +6 ring of strength

@: mighty, curled up
A: large, rugged brown scales 3, see invisible, deformed body, roll 1, armoured
tail, reflexive curl
a: Rolling Charge, Renounce Religion, Stomp


You were on level 7 of the Dungeon.
You worshipped Uskayaw.
Uskayaw was noncommittal.
You visited 1 branch of the dungeon, and saw 7 of its levels.

You collected 343 gold pieces.
You spent 165 gold pieces at shops.

Inventory:

Hand Weapons
 a - a +0 flail of venom
 C - a +0 vampiric flail (weapon)
Missiles
 m - 10 poisoned darts (quivered)
 w - 5 curare-tipped darts
Armour
 c - a +0 buckler
 j - a +0 kite shield (worn)
 q - a +0 cloak (worn)
 u - a +2 chain mail of willpower (worn)
 D - the +1 pair of gloves of Kefuv (worn) {Regen+}
   (You bought it in a shop on level 2 of the Dungeon)

   Regen:     It increases your rate of health regeneration.
Jewellery
 n - a +6 ring of intelligence (left hand)
 x - an amulet of faith (around neck)
 y - a +6 ring of strength (right hand)
 F - a +4 ring of evasion
Wands
 A - a wand of polymorph (4)
 B - a wand of iceblast (6)
Scrolls
 d - 3 scrolls of enchant weapon
 f - a scroll of fear {unknown}
 g - a scroll of blinking
 h - a scroll of amnesia {unknown}
 i - 4 scrolls of magic mapping
 o - 3 scrolls of teleportation
 p - a scroll of vulnerability {unknown}
 v - a scroll of fog {unknown}
Potions
 b - 2 potions of flight
 e - a potion of attraction
 k - 6 potions of heal wounds
 l - 3 potions of mutation
 r - 4 potions of berserk rage
 s - 3 potions of haste
 t - a potion of lignification
 z - 4 potions of curing
 E - a potion of magic
 H - a potion of ambrosia {unknown}


   Skills:
 + Level 6.1 Fighting
 * Level 9.1 Maces & Flails
 + Level 3.1 Armour
 - Level 2.4 Shields
 * Level 3.5 Invocations


You had 7 spell levels left.
You didn't know any spells.
Your spell library contained the following spells:

 Spells                   Type           Power      Damage    Failure   Level
 Shock                    Conj/Air       0%         1d3       98%         1
 Corpse Rot               Necr/Air       0%         N/A       99%         2
 Portal Projectile        Hex/Tloc       0%         N/A       100%        3
 Swiftness                Air            0%         N/A       100%        3
 Airstrike                Air            0%         N/A       100%        4
 Dispel Undead            Necr           0%         3d6       100%        4
 Blade Hands              Tmut           0%         N/A       100%        5
 Excruciating Wounds      Necr           0%         N/A       100%        5
 Death Channel            Necr           0%         N/A       100%        6


Dungeon Overview and Level Annotations

Branches:
Dungeon (7/15)
 Temple: D:4-7

Altars:
Fedhas
Ru
Trog
Uskayaw
Yredelemnul
Zin

Shops:
D:1 (   D:2 [

Annotations:
D:3 2 runed translucent doors, seaofthunder's ghost, amateur HOFi
D:5 1 runed translucent door, Dvallin's ghost, novice FoFi


Innate Abilities, Weirdness & Mutations

You are completely covered in rugged brown scales. (AC +3, +7% HP)
You have supernaturally acute eyesight. (SInv)
Armour fits poorly on your strangely shaped body.
You can roll at nearby foes to attack.
You have a long armoured tail.
You curl defensively after being hit. (AC +7*)


Message History

You see here a +0 shortbow.
Found a kite shield.
Found a book of Decay.
You see here a +0 kite shield.
j - a +0 kite shield You start removing your armour.
You continue taking off your +0 buckler. x4
You finish taking off your +0 buckler.
You start putting on your armour.
You continue putting on your +0 kite shield. x5
You finish putting on your +0 kite shield.
You pick up a book of Decay and begin reading...
You add the spells Corpse Rot, Dispel Undead and Death Channel to your library.
A two-headed ogre comes into view.
It is wielding a +0 giant spiked club and a +0 giant club.
The two-headed ogre attacks as you move away!
The two-headed ogre hits you with a +0 giant spiked club!!
The two-headed ogre hits you with a +0 giant club.
Found 7 gold pieces.
You feel very mighty all of a sudden.
You bludgeon the two-headed ogre!!
You feel better.
The two-headed ogre is heavily wounded.
The two-headed ogre hits you with a +0 giant spiked club!
The two-headed ogre barely misses you.
You can now pass through a line of other dancers.
Aiming: Line Pass
Press: ? - help, Dir - move target The two-headed ogre appears confused.
You can no longer pass through a line of other dancers.
You block the two-headed ogre's attack.
The two-headed ogre hits you with a +0 giant club!!
Unknown command.
Unknown command.
You barely miss the two-headed ogre.
The two-headed ogre is moderately wounded.
The two-headed ogre seems less confused.
You sock the two-headed ogre!
You feel better.
The two-headed ogre is heavily wounded.
The two-headed ogre hits you with a +0 giant spiked club!
The two-headed ogre hits you with a +0 giant club!!
You die...

....# .# #.#.. ..#.
#.#.#####....
#...... ...# #
#..... ...##.
###.#.#..##...... #
+................ .
#......@O.......# #
###.####.#......$
#.###.##.# #.# #
#.# # #.# # #.# .
#.#
#################.#


You could see a two-headed ogre.

Vanquished Creatures
  A shadow (D:6)
  An acid dragon (D:6)
  A water moccasin (D:6)
  An ice beast (D:6)
  4 ogres
  A phantom (D:4)
  A kobold brigand (D:7)
  A necrophage (D:7)
  A scorpion (D:4)
  An electric eel (D:6)
  A jelly (D:6)
  An orc priest (D:6)
  5 hounds
  2 iguanas (D:5)
  An orc wizard (D:6)
  3 gnolls (D:6)
  7 adders
  A white imp (D:7)
  An ufetubus (D:4)
  2 worms
  13 dart slugs
  8 orcs
  2 endoplasms
  9 giant cockroaches
  10 goblins
  3 hobgoblins
  3 jackals (D:4)
  7 kobolds
  5 quokkas
  7 ball pythons
  4 bats
  3 frilled lizards
  4 rats
115 creatures vanquished.

Vanquished Creatures (collateral kills)
  An ice beast (D:6)
1 creature vanquished.

Grand Total: 116 creatures vanquished

Notes
Turn   | Place    | Note
-------+----------+-------------------------------------------
     0 | D:1      | experimilk the Palentonga Fighter began the quest for the
                  | Orb.
     0 | D:1      | Reached XP level 1. HP: 19/19 MP: 1/1
   203 | D:1      | Reached XP level 2. HP: 25/25 MP: 2/2
   400 | D:1      | Found Wesait's Antique Weapon Shoppe.
   405 | D:1      | Reached skill level 3 in Maces & Flails
   928 | D:2      | Found a faded altar of an unknown god.
   935 | D:2      | Reached XP level 3. HP: 29/31 MP: 3/3
  1143 | D:2      | Found Egiass's Armour Emporium.
  1548 | D:2      | Reached skill level 4 in Maces & Flails
  1792 | D:3      | Reached XP level 4. HP: 26/37 MP: 4/4
  2014 | D:3      | Found a runed translucent door.
  2019 | D:3      | Noticed a bullfrog
  2019 | D:3      | Noticed seaofthunder's ghost (amateur HOFi)
  2194 | D:3      | Found a runed translucent door.
  3067 | D:4      | Found a basalt altar of Yredelemnul.
  3069 | D:4      | Noticed a scorpion
  3207 | D:4      | Killed a scorpion
  3208 | D:4      | Reached skill level 5 in Maces & Flails
  3208 | D:4      | Reached XP level 5. HP: 34/43 MP: 5/5
  3315 | D:4      | Found a hide-covered altar of Uskayaw.
  3323 | D:4      | Found a glowing silver altar of Zin.
  3340 | D:4      | Became a worshipper of Uskayaw the Reveller
  3357 | D:4      | Noticed a phantom
  3362 | D:4      | Reached * piety under Uskayaw
  3366 | D:4      | Reached ** piety under Uskayaw
  3612 | D:4      | Reached *** piety under Uskayaw
  3613 | D:4      | Reached skill level 6 in Maces & Flails
  3982 | D:4      | Killed a phantom
  3983 | D:4      | Reached skill level 1 in Invocations
  3983 | D:4      | Reached XP level 6. HP: 44/50 MP: 1/7
  4264 | D:5      | Entered Level 5 of the Dungeon
  4480 | D:5      | Found a blossoming altar of Fedhas.
  4516 | D:5      | Gained mutation: You curl defensively after being hit. (AC
                  | +7*) [Palentonga growth]
  4516 | D:5      | Reached XP level 7. HP: 50/55 MP: 7/9
  4568 | D:5      | Found a sacrificial altar of Ru.
  4813 | D:5      | Reached skill level 7 in Maces & Flails
  4939 | D:5      | Found a bloodstained altar of Trog.
  5209 | D:5      | Found a runed translucent door.
  5209 | D:5      | Noticed Dvallin's ghost (novice FoFi)
  5502 | D:2      | Bought the +1 pair of gloves of Kefuv {Regen+} for 165 gold
                  | pieces
  5879 | D:6      | Reached **** piety under Uskayaw
  6044 | D:6      | Reached skill level 8 in Maces & Flails
  6044 | D:6      | Reached XP level 8. HP: 52/65 MP: 10/10
  6094 | D:6      | Reached skill level 5 in Fighting
  6681 | D:6      | Reached skill level 9 in Maces & Flails
  7283 | D:7      | Noticed a two-headed ogre
  7289 | D:7      | Slain by a two-headed ogre

Illustrated notes

Levels and vault maps discovered:
D:1:      matt_arrival_refuge, layout_loops_cross, serial_shops, shop
D:2:      layout_basic, hellmonk_ecumenical_altar_zigzags, serial_shops, shop
D:3:      layout_loops_ring, ebering_ghost_sewer_f
D:4:      kennysheep_slugbush, layout_cave_pods, grunt_temple_overflow_open,
          mainiacjoe_overflow_concentric_impassable
D:5:      layout_loops_ring, kennysheep_mini, nicolae_overflow_squiral,
          hellmonk_ghost_happy_afterlife, kennysheep_boxes
D:6:      cheibrodos_helix_gallery, layout_loops_corners, supply_closet_lemuel,
          nrook_mini_backslash
D:7:      layout_basic, minmay_temple_entry_glassed_door, uniq_maggie

Skill      XL: |  1  2  3  4  5  6  7  8 |
---------------+-------------------------+-----
Maces & Flails | 3 4 5 6 8 9 |  9.1
Invocations    | 1 2 3 |  3.5
Armour         | 3 |  3.1
Fighting       | 4 6 |  6.1
Shields        | |  2.4

Action                   |  1- 3 |  4- 6 |  7- 9 || total
-------------------------+-------+-------+-------++-------
Melee: Flail             |   100 |   116 |    97 ||   313
       Tailslap          |    12 |    13 |    15 ||    40
Throw: Dart              |     6 |    11 |     5 ||    22
Invok: Line Pass         |       |     2 |     7 ||     9
       Stomp             |       |     1 |     1 ||     2
 Abil: Rolling Charge    |    34 |    26 |    11 ||    71
  Use: Potion            |     1 |     1 |     1 ||     3
       Scroll            |     6 |     5 |     7 ||    18
 Stab: Confused          |       |       |     3 ||     3
       Paralysed         |       |       |     4 ||     4
Armor: Ring mail         |    46 |     4 |       ||    50
       Chain mail        |       |    71 |    39 ||   110
Dodge: Dodged            |    28 |    42 |    30 ||   100
Block: Buckler           |    15 |    20 |    14 ||    49
       Kite shield       |       |       |     1 ||     1

Table legend: (Time is in decaauts)
 A = Elapsed time spent in this place.
 B = Non-inter-level travel time spent in this place.
 C = Inter-level travel time spent in this place.
 D = Time resting spent in this place.
 E = Time spent auto-exploring this place.
 F = Levels seen in this place.
 G = Mean time per level.
                   A        B        C        D        E       F      G
               +--------+--------+--------+--------+--------+-----+--------+
         Total |   7368 |   6878 |    490 |   2199 |   2408 |   7 | 1052.6 |
       Dungeon |   7368 |   6878 |    490 |   2199 |   2408 |   7 | 1052.6 |
               +--------+--------+--------+--------+--------+-----+--------+

Top non-repeatable levels by time:
     D:4: 1634 daAuts
     D:6: 1533 daAuts
     D:3: 1190 daAuts
     D:5: 1099 daAuts
     D:2: 882 daAuts
     D:1: 869 daAuts
     D:7: 157 daAuts
